[Event "74th RUS-ch Superfinal 2021"]
[Site "Ufa"]
[Date "2021.10.20"]
[Round "11.4"]
[White "Predke, Alexandr"]
[Black "Motylev, Alexander"]
[Result "1/2-1/2"]
[ECO "D11"]
[WhiteElo "2666"]
[BlackElo "2624"]
[Annotator "ChessBase"]
[PlyCount "80"]
[EventDate "2021.10.09"]
[EventType "tourn"]
[EventCountry "RUS"]
[SourceTitle "playchess.com"]
[Source "ChessBase"]
[SourceQuality "1"]
[TimeControl "40/5400+30:1800+30"]

1. d4 d5 2. c4 c6 3. Nf3 Nf6 4. Qc2 g6 5. e3 Bg7 6. Be2 O-O 7. O-O Bf5 8.
Qb3 Qb6 9. Nc3 Nbd7 10. h3 h6 11. cxd5 Qxb3 12. axb3 Nxd5 13. Bd2 N5b6 14. b4 a6 15. Rfc1 Nf6 16. Be1 Rad8 17. Nd2 Rfe8 18. Nb3 e5 19. dxe5 Rxe5 20. Na5 Bc8 21. Bxa6 bxa6 22. Nxc6 Ree8 23. Nxd8 Rxd8 24. b5 axb5 25. Nxb5 Nfd5 26. Rd1 Bd7 27. Ba5 Rb8 28. Nc3 Be6 29. Rac1 Kh7 30. Nxd5 Nxd5 31. Rc5 Nf6 32. b4 Bf8 33. Rcc1 Nd5 34. Rd4 Nxb4 35. Rb1 Nc6 36. Rxb8 Nxb8 37. Rd8 Nd7 38. Bc3 Bg7 39. Bxg7 Kxg7 40. h4 h5 1/2-1/2

[Event "74th RUS-ch Superfinal 2021"]
[Site "Ufa"]
[Date "2021.10.20"]
[Round "11.5"]
[White "Fedoseev, Vladimir"]
[Black "Ponkratov, Pavel"]
[Result "0-1"]
[ECO "A50"]
[WhiteElo "2704"]
[BlackElo "2659"]
[Annotator "RC"]
[PlyCount "166"]
[EventDate "2021.10.09"]
[EventType "tourn"]
[EventCountry "RUS"]
[SourceTitle "playchess.com"]
[Source "ChessBase"]
[SourceQuality "1"]
[TimeControl "40/5400+30:1800+30"]

1. d4 Nf6 2. c4 g6 3. Bg5 Bg7 4. Nc3 h6 5. Bd2 d6 6. g3 c5 7. d5 e6 8. Bg2 exd5 9. cxd5 O-O 10. Qc1 Kh7 11. Nf3 Re8 12. O-O Na6 13. Bf4 Bf5 14. Nd2 g5 15. e4 Bg6 16. Be3 Ng4 17. Nc4 Nxe3 18. Nxe3 c4 19. f4 gxf4 20. gxf4 Nc5 21. f5 Bh5 22. Nxc4 Qf6 23. Kh1 Rac8 24. Qe3 b5 25. Na5 b4 26. Nb5 Qh4 27. Rf4 Qg5 28. h4 Qf6 29. Nc6 a6 30.
Nbd4 Rxc6 31. Nxc6 Qxb2 32. Re1 Qc3 33. f6 Nd3 34. Ref1 Nxf4 35. Qxf4 Bf8 36. Kh2 Bg6 37. Qg4 h5 38. Qd7 Ra8 39. Qb7 Re8 40.
Qd7 Ra8 41. e5 dxe5 42. Ne7 Bd3 43. Rf5 Bh6 44. Rxh5 Qd2 45.
Nf5 Qf4+ 46. Kh3 Ra7 47. Qc8 Rc7 48. Rxh6+ Qxh6 49. Qxc7 Bxf5+ 50. Kh2 Qxh4+ 51. Kg1 Qd4+ 52. Kh2 Kg6 53. d6 e4 54. Qd8 Qxf6 55. Qg8+ Qg7 56. Qb8 Qe5+ 57. Kg1 Qd4+ 58. Kh2 Kg7 59. Qd8 Qf6 60. Qb6 Qe5+ 61. Kg1 a5 62. Qd8 Qd4+ 63. Kh2 e3 64. Qg5+ Bg6 65. d7 Qxd7 66. Qxe3 Qd6+ 67. Kg1 a4 68. Bf1 Qf6 69. Bc4 Qc3 70. Qf4 b3 71. axb3 axb3 72. Bxb3 Qxb3 73. Qd4+ f6 74. Qd7+ Qf7 75. Qd6 Be4 76. Kf2 Qd5 77. Qe7+ Kg6 78. Qb4 Kf5 79. Kg3 Qe5+ 80. Kh3 Kg6 81. Qb3 Qh5+ 82. Kg3 Qg5+ 83. Kf2 Qd2+ 0-1